 Dungeon Crawl Stone Soup version 0.30-a0-1112-gfb780f5df6 (webtiles) character file.

Game seed: 805262305561105400

7773 BillyBaka the Skirmisher (level 11, -1/97 HPs)
             Began as a Minotaur Hunter on Apr 19, 2023.
             Was a Priest of Okawaru.
             Slain by a vampire (4 damage)
             ... on level 9 of the Dungeon.
             The game lasted 00:31:42 (7429 turns).

BillyBaka the Skirmisher (Minotaur Hunter)          Turns: 7429, Time: 00:31:42

Health: -1/97      AC: 11    Str: 16    XL:     11   Next: 1%
Magic:  9/11       EV: 25    Int:  6    God:    Okawaru [***...]
Gold:   1590       SH:  0    Dex: 18    Spells: 10/10 levels left

rFire   . . .      SeeInvis .    b - +4 great sword
rCold   . . .      Faith    .    (shield currently unavailable)
rNeg    . . .      Spirit   .    K - +3 leather armour
rPois   .          Reflect  .    y - +0 hat
rElec   .          Rampage  .    z - +2 cloak
rCorr   .                        c - +0 pair of gloves
Will    .....                    (no boots)
Stlth   +++++                    (no amulet)
HPRegen 0.36/turn                u - +5 ring of evasion
MPRegen 0.12/turn                (no ring)

@: heroic
A: horns 2, retaliatory headbutt
a: Renounce Religion, Heroism


You were on level 9 of the Dungeon.
You worshipped Okawaru.
Okawaru was most pleased with you.
You visited 2 branches of the dungeon, and saw 10 of its levels.
You also visited: Bailey.

You collected 1590 gold pieces.

Inventory:

Hand Weapons
 a - a +2 triple crossbow of freezing
 b - a +4 great sword (weapon)
Missiles
 l - 6 boomerangs of dispersal
Armour
 c - a +0 pair of gloves (worn)
 y - a +0 hat (worn)
 z - a +2 cloak (worn)
 K - a +3 leather armour (worn)
 L - a +1 chain mail of fire resistance
 M - a +0 kite shield
Jewellery
 u - a +5 ring of evasion (left hand)
 H - a ring of wizardry
 J - a ring of magical power
Wands
 A - a wand of flame (24)
 I - a wand of polymorph (8)
Scrolls
 d - a scroll of magic mapping {unknown}
 e - 4 scrolls of teleportation {unknown}
 h - a scroll of enchant weapon {unknown}
 i - 2 scrolls of vulnerability {unknown}
 j - 6 scrolls of identify {unknown}
 n - a scroll of silence {unknown}
 s - 5 scrolls of fear {unknown}
 t - 3 scrolls of immolation
 v - 3 scrolls of enchant armour {unknown}
 x - 2 scrolls of torment {unknown}
 B - 4 scrolls of amnesia {unknown}
 C - a scroll of fog {unknown}
 G - 3 scrolls of blinking {unknown}
Potions
 f - a potion of ambrosia {unknown}
 k - a potion of might {unknown}
 m - 2 potions of attraction
 o - 2 potions of lignification {unknown}
 p - a potion of haste {unknown}
 q - 4 potions of degeneration {unknown}
 r - 2 potions of brilliance {unknown}
 w - a potion of resistance {unknown}
 D - 2 potions of invisibility {unknown}
 E - 2 potions of flight {unknown}
 F - 2 potions of magic {unknown}
Miscellaneous
 N - a phial of floods


   Skills:
 + Level 9.3(14.3) Fighting
 * Level 12.5(17.5) Ranged Weapons
 + Level 8.6(13.6) Dodging
 + Level 6.8(11.8) Stealth
 + Level 1.8 Invocations


You had 10 spell levels left.
You didn't know any spells.
Your spell library contained the following spells:

 Spells                   Type           Power      Damage    Failure   Level
 Apportation              Tloc           0%         N/A       52%         1
 Shock                    Conj/Air       0%         1d3       52%         1
 Blink                    Tloc           0%         N/A       65%         2
 Static Discharge         Conj/Air       0%         2-2/arc   65%         2
 Hailstorm                Conj/Ice       0%         3d3       87%         3
 Portal Projectile        Hex/Tloc       0%         N/A       87%         3
 Swiftness                Air            0%         N/A       87%         3
 Volatile Blastmotes      Fire/Tloc      0%         2d10      87%         3
 Airstrike                Air            0%         2d(0-16)  99%         4
 Fulminant Prism          Conj/Hex       0%         3d5       99%         4
 Ice Form                 Ice/Tmut       0%         N/A       99%         4
 Iskenderun's Mystic Bla  Conj/Tloc      0%         2d3       99%         4
 Manifold Assault         Tloc           0%         N/A       99%         4
 Alistair's Intoxication  Tmut/Pois      0%         N/A       100%        5
 Blade Hands              Tmut           0%         N/A       100%        5
 Borgnjor's Vile Clutch   Necr/Erth      0%         N/A       100%        5
 Lee's Rapid Deconstruct  Erth           0%         3d4*      100%        5
 Eringya's Noxious Bog    Tmut/Pois      0%         N/A       100%        6
 Storm Form               Tmut/Air       0%         N/A       100%        7
 Tukima's Dance           Hex            Unusable   N/A       N/A         3
 Summon Lightning Spire   Summ/Air       Unusable   N/A       N/A         4
 Simulacrum               Ice/Necr       Unusable   N/A       N/A         6

Dungeon Overview and Level Annotations

Branches:
Dungeon (9/15)             Temple (1/1) D:6          Bailey (visited)
   Lair: D:8-11         Orc: D:9-12

Altars:
Ashenzari
Cheibriados
Dithmenos
Elyvilon
Fedhas
Gozag
Hepliaklqana
Kikubaaqudgha
Makhleb
Qazlal
Ru
Sif Muna
Trog
Uskayaw
Vehumet
Wu Jian
Xom
Yredelemnul
Zin
The Shining One

Annotations:
D:4 3 runed translucent doors, BlasphemerAmon's ghost, amateur OpCA; Rudyous's ghost, amateur NaFE; hollowman's ghost, amateur MiGl; kitsune's ghost, novice NaRe; voltaire321's ghost, amateur DEEE
D:5 1 runed translucent door, Crazy Yiuf
D:6 1 runed translucent door, hollowman's ghost, novice DrEE


Innate Abilities, Weirdness & Mutations

You have a pair of horns on your head.
You reflexively headbutt those who attack you in melee.


Message History

You feel extremely sick.
The killer bee stings you but does no damage.
The killer bee completely misses you. x2; You furiously retaliate!
You headbutt the killer bee!
You kill the killer bee!
Okawaru accepts your kill. Something barely misses you.
Something bites you but does no damage.
You feel very sick.
Your +2 triple crossbow of freezing stops glowing.
b - a +4 great sword (weapon)
You feel sick. Something hits you!
* * * LOW HITPOINT WARNING * * *
Something bites you.
* * * LOW HITPOINT WARNING * * *
Something draws strength from your injuries!
You miss something.
You feel very sick. Something hits you.
* * * LOW HITPOINT WARNING * * *
Something closely misses you.
You hit something.
You feel very sick. Something barely misses you. Something bites you.
* * * LOW HITPOINT WARNING * * *
Something draws strength from your injuries!
Something closely misses you. Something bites you.
* * * LOW HITPOINT WARNING * * *
Something draws strength from your injuries!
You feel better. Something hits you.
* * * LOW HITPOINT WARNING * * *
Something bites you.
* * * LOW HITPOINT WARNING * * *
Something draws strength from your injuries!
Okay, then.
You gain the combat prowess of a mighty hero.
Something hits you but does no damage. Something bites you!
* * * LOW HITPOINT WARNING * * *
Something draws strength from your injuries!
You hit something. Something hits you.
You die...

#..........>............
.........#...#.#.#.#.#.
##...#..##.............
##..##.....##.#.#.#.#.
#....................
##....##†...#.#.#.#.
##...#..#.........
##.##..##.#.#.# #..@{.##
#yy.. ##....# #.# #
##....## y.. #...### #.#
#...# .. #####


There were no monsters in sight!

Vanquished Creatures
  A boulder beetle (D:8)
  An orc knight (Bailey)
  An orc sorcerer (Bailey)
  A kobold demonologist (Bailey)
  2 hornets (D:8)
  Grinder (D:5)
  A wyvern (D:7)
  3 yaks (D:9)
  Eustachio (D:5)
  2 steam dragons (D:9)
  Menkaure (D:5)
  An acid dragon (D:9)
  A water moccasin (D:9)
  6 orc warriors (Bailey)
  A black bear (D:6)
  2 ice beasts (D:6)
  3 sky beasts (D:7)
  3 ogres
  3 centaurs
  4 kobold brigands
  6 bullfrogs
  2 scorpions
  10 wights
  4 killer bees (D:9)
  4 howler monkeys
  5 electric eels (Bailey)
  A hound (D:6)
  4 jellies
  2 orc priests
  2 gnoll boudas
  2 sleepcaps
  Jessica (D:3)
  3 iguanas
  8 adders
  13 gnolls
  3 shadow imps
  2 white imps
  An ufetubus (D:6)
  2 worms
  3 dart slugs
  15 orcs
  A ball python (D:1)
  12 endoplasms
  A giant cockroach (D:1)
  13 goblins
  9 hobgoblins
  3 jackals (D:1)
  2 quokkas
  5 bats
  2 frilled lizards
  17 kobolds
  2 rats (D:1)
199 creatures vanquished.

Vanquished Creatures (others)
  A killer bee (D:9)
1 creature vanquished.

Grand Total: 200 creatures vanquished

Notes
Turn   | Place    | Note
-------+----------+-------------------------------------------
     0 | D:1      | BillyBaka the Minotaur Hunter began the quest for the Orb.
     0 | D:1      | Reached XP level 1. HP: 18/18 MP: 0/0
   162 | D:1      | Reached skill level 1 in Stealth
   201 | D:1      | Reached XP level 2. HP: 25/25 MP: 1/1
   342 | D:1      | Found a faded altar of an unknown god.
   670 | D:1      | Reached XP level 3. HP: 30/30 MP: 2/2
   998 | D:2      | Reached skill level 5 in Ranged Weapons
  1703 | D:3      | Reached XP level 4. HP: 38/38 MP: 3/3
  1728 | D:3      | Noticed Jessica
  1735 | D:3      | Killed Jessica
  1888 | D:3      | Reached XP level 5. HP: 45/45 MP: 4/4
  1958 | D:3      | Found a burning altar of Makhleb.
  1959 | D:3      | Found a sacrificial altar of Ru.
  2199 | D:4      | Found a shimmering blue altar of Sif Muna.
  2268 | D:4      | Reached skill level 6 in Ranged Weapons
  2320 | D:4      | Reached XP level 6. HP: 43/52 MP: 5/5
  2449 | D:4      | Found a runed translucent gate.
  2450 | D:4      | Found a runed translucent gate.
  2453 | D:4      | Found a runed translucent gate.
  2624 | D:4      | Noticed kitsune's ghost (novice NaRe)
  2624 | D:4      | Noticed BlasphemerAmon's ghost (amateur OpCA)
  2624 | D:4      | Noticed voltaire321's ghost (amateur DEEE)
  2625 | D:4      | Noticed hollowman's ghost (amateur MiGl)
  2625 | D:4      | Noticed Rudyous's ghost (amateur NaFE)
  2798 | D:5      | Entered Level 5 of the Dungeon
  2824 | D:5      | Found a runed translucent door.
  2825 | D:5      | Noticed Crazy Yiuf
  2886 | D:5      | Noticed Menkaure
  2895 | D:5      | Killed Menkaure
  2896 | D:5      | Reached XP level 7. HP: 19/60 MP: 6/6
  3111 | D:5      | Reached skill level 7 in Ranged Weapons
  3125 | D:5      | Noticed Grinder
  3126 | D:5      | Paralysed by Grinder for 2 turns
  3143 | D:5      | Killed Grinder
  3144 | D:5      | Reached skill level 5 in Fighting
  3337 | D:5      | Noticed Eustachio
  3346 | D:5      | Killed Eustachio
  3347 | D:5      | Reached skill level 5 in Dodging
  3347 | D:5      | Reached XP level 8. HP: 69/69 MP: 7/7
  4067 | D:6      | Reached skill level 8 in Ranged Weapons
  4288 | D:6      | Found a staircase to the Ecumenical Temple.
  4305 | Temple   | Entered the Ecumenical Temple
  4541 | D:6      | Reached skill level 9 in Ranged Weapons
  4657 | D:6      | Found a runed translucent door.
  4657 | D:6      | Found a shimmering altar of Xom.
  4657 | D:6      | Noticed hollowman's ghost (novice DrEE)
  4752 | D:6      | Noticed a +0 long sword of chaos
  4857 | D:7      | Found a flagged portal.
  4909 | D:7      | Reached XP level 9. HP: 78/78 MP: 8/8
  4934 | Bailey   | Entered a bailey
  5332 | Bailey   | Reached skill level 5 in Stealth
  5343 | Bailey   | Acquired a +2 triple crossbow of freezing
  5376 | Bailey   | Noticed an orc knight
  5383 | Bailey   | Killed an orc knight
  5384 | Bailey   | Reached skill level 10 in Ranged Weapons
  5551 | Bailey   | Found an iron altar of Okawaru.
  5551 | Bailey   | Noticed an orc sorcerer
  5551 | Bailey   | Noticed a kobold demonologist
  5554 | Bailey   | Noticed a red devil
  5556 | Bailey   | Noticed a sixfirhy
  5561 | Bailey   | Noticed a smoke demon
  5562 | Bailey   | Paralysed by an orc sorcerer for 3 turns
  5565 | Bailey   | Killed an orc sorcerer
  5568 | Bailey   | Killed a kobold demonologist
  5569 | Bailey   | Reached skill level 11 in Ranged Weapons
  5569 | Bailey   | Reached XP level 10. HP: 38/88 MP: 9/9
  5718 | Bailey   | Became a worshipper of Warmaster Okawaru
  5760 | Bailey   | Acquired 1063 gold pieces
  6358 | D:8      | Reached * piety under Okawaru
  6358 | D:8      | Noticed a boulder beetle
  6364 | D:8      | Killed a boulder beetle
  6385 | D:8      | Paralysed by a hornet for 3 turns
  6389 | D:8      | Reached ** piety under Okawaru
  6438 | D:8      | Reached skill level 12 in Ranged Weapons
  7249 | D:9      | Reached skill level 1 in Invocations
  7299 | D:9      | Reached *** piety under Okawaru
  7419 | D:9      | Reached XP level 11. HP: 67/97 MP: 11/11
  7428 | D:9      | HP: 2/97 [something (7)]
  7429 | D:9      | Slain by a vampire

Illustrated notes

Levels and vault maps discovered:
D:1:      psy_arrival_statuary, layout_basic,
          chequers_ecumenical_altar_simple_redux, supply_closet_lemuel,
          nicolae_concentric_dashed_squares_wild
D:2:      layout_basic
D:3:      layout_rooms, gammafunk_temple_overflow_pools, uniq_jessica
D:4:      layout_cave_pools, marbit_many_paths, gammafunk_ghost_cemetery
D:5:      layout_basic, uniq_eustachio, uniq_crazy_yiuf_cottage, uniq_grinder,
          uniq_menkaure
D:6:      black_bear_nest_1, layout_loops_ring, minmay_temple_entry_offerings,
          ebering_ghost_xom
D:7:      layout_cave_pools, enter_bailey_8, corexii_leaking_fountain,
          grunt_decor_one_mirror
D:8:      hangedman_cross_stitches, layout_loops_ring, grunt_ministairs_8
D:9:      layout_cave_pools, nemelex_spade_bored_becter, st_stairs_11
Temple:   sentei_temple_godly_chess

Skill      XL: |  1  2  3  4  5  6  7  8  9 10 |
---------------+-------------------------------+-----
Stealth        | 1 2 3 4 5 6 |  6.8
Ranged Weapons | 5 6 7 9 11 12 | 12.5
Fighting       | 3 4 5 6 8 9 |  9.3
Dodging        | 3 4 5 6 7 8 |  8.6
Invocations    | 1 |  1.8

Action                     |  1- 3 |  4- 6 |  7- 9 | 10-12 || total
---------------------------+-------+-------+-------+-------++-------
  Melee: Hand axe          |       |    11 |       |       ||    11
         Headbutt          |       |     4 |       |       ||     4
         Great sword       |       |       |       |     3 ||     3
   Fire: Shortbow          |    75 |       |       |       ||    75
         Longbow           |    27 |   105 |   175 |       ||   307
         Triple crossbow   |       |       |    31 |   113 ||   144
 Invoke: Heroism           |       |       |       |     1 ||     1
    Use: Potion            |       |       |     3 |     5 ||     8
         Scroll            |       |       |     1 |     1 ||     2
 Armour: Leather armour    |    10 |     3 |    20 |    27 ||    60
  Dodge: Dodged            |    24 |    22 |   100 |   144 ||   290

Table legend: (Time is in decaauts)
 A = Elapsed time spent in this place.
 B = Non-inter-level travel time spent in this place.
 C = Inter-level travel time spent in this place.
 D = Time resting spent in this place.
 E = Time spent auto-exploring this place.
 F = Levels seen in this place.
 G = Mean time per level.
                   A        B        C        D        E       F      G
               +--------+--------+--------+--------+--------+-----+--------+
         Total |   7663 |   7509 |    154 |    787 |   5050 |  11 |  696.6 |
       Dungeon |   6742 |   6588 |    154 |    395 |   5035 |   9 |  749.1 |
        Temple |      9 |      9 |      0 |      0 |      0 |   1 |    9.0 |
        Bailey |    911 |    911 |      0 |    392 |     15 |   1 |  911.0 |
               +--------+--------+--------+--------+--------+-----+--------+

Top non-repeatable levels by time:
     D:5: 1280 daAuts
     D:8: 954 daAuts
  Bailey: 911 daAuts
     D:1: 873 daAuts
     D:2: 842 daAuts
     D:6: 738 daAuts
     D:7: 687 daAuts
     D:4: 674 daAuts
     D:3: 474 daAuts
     D:9: 216 daAuts
  Temple: 9 daAuts
